Map: Dusk Towers

Players

Zalot - Winner!

  • Race: Protoss Protoss
  • League: Gold

Frozzen

  • Race: Zerg Zerg
  • League: Diamond

VOD

Have the link to the VOD?

Description

Time

  • Played on: Nov. 20, 2015, 9:16 p.m.
  • Length: 7:28
Show
View Real Time Build Order
Export as new Build Order

Zalot Protoss - Winner!

Build Orders:  

Get SALT Encoding   

  12  0:01  Probe (Chrono Boost)  
  13  0:11  Probe (Chrono Boost)  
  14  0:19  Pylon  
  14  0:22  Probe (Chrono Boost)  
  15  0:37  Probe (Chrono Boost)  
  15  0:38  Gateway  
  16  0:49  Probe (Chrono Boost)  
  17  0:51  Pylon  
  17  1:24  Assimilator  
  17  1:26  Cybernetics Core  
  17  1:28  Probe (Chrono Boost)  
  17  1:31  Assimilator  
  18  1:38  Zealot  
  18  1:39  Probe (Chrono Boost)  
  21  1:50  Probe (Chrono Boost)  
  21  1:52  Gateway  
  22  1:59  Pylon  
  22  2:00  Probe (Chrono Boost)  
  22  2:11  Probe (Chrono Boost), Pylon  
  22  2:13  Warp Gate  
  23  2:19  Adept  
  23  2:21  Probe (Chrono Boost)  
  26  2:39  Mothership Core (Chrono Boost)  
  26  2:41  Stalker  
  30  3:08  Nexus  
  30  3:12  Pylon  
  30  3:17  Sentry  
  32  3:22  Stalker  
  32  3:26  Probe (Chrono Boost)  
  35  3:40  Robotics Facility  
  35  3:52  Forge  
  35  3:57  Adept  
  35  3:59  Sentry  
  39  4:23  Pylon  
  39  4:24  Probe (Chrono Boost)  
  40  4:26  Probe (Chrono Boost)  
  41  4:34  Probe (Chrono Boost)  
  41  4:37  Probe (Chrono Boost)  
  43  4:41  Pylon  
  43  4:45  Probe (Chrono Boost)  
  44  4:47  Probe (Chrono Boost), Observer  
  44  4:49  Protoss Ground Weapons Level 1  
  46  4:55  Probe (Chrono Boost)  
  46  4:58  Probe (Chrono Boost)  
  48  5:02  Twilight Council  
  48  5:06  Probe (Chrono Boost)  
  49  5:08  Probe (Chrono Boost)  
  49  5:09  Stalker  
  49  5:13  Adept  
  54  5:16  Probe (Chrono Boost)  
  55  5:24  Immortal  
  55  5:26  Probe (Chrono Boost)  
  55  5:27  Probe (Chrono Boost)  
  61  5:38  Probe x2 (Chrono Boost)  
  61  5:42  Assimilator  
  63  5:48  Probe (Chrono Boost), Assimilator  
  63  5:49  Probe (Chrono Boost)  
  65  5:51  Adept x2  
  69  5:59  Probe (Chrono Boost)  
  70  6:08  Probe (Chrono Boost)  
  70  6:10  Probe (Chrono Boost)  
  72  6:11  Immortal  
  72  6:15  Stalker x2  
  80  6:19  Probe (Chrono Boost)  
  80  6:20  Probe (Chrono Boost)  
  82  6:29  Probe (Chrono Boost)  
  82  6:31  Probe (Chrono Boost)  
  84  6:36  Gateway  
  84  6:41  Probe (Chrono Boost)  
  69  7:09  Adept x2  
  53  7:26  Gateway  
  53  7:28  Gateway  
Show
View Real Time Build Order
Export as new Build Order

Frozzen Zerg 

Build Orders: Hatch First 

Get SALT Encoding   

  12  0:01  Drone  
  13  0:13  Overlord  
  13  0:18  Drone  
  14  0:32  Drone x2  
  16  0:50  Hatchery  
  16  0:53  Drone  
  16  0:56  Drone  
  17  1:01  Drone  
  18  1:16  Spawning Pool  
  18  1:17  Drone  
  18  1:22  Extractor  
  17  1:25  Drone  
  17  1:29  Drone  
  19  1:40  Overlord  
  19  2:02  Queen  
  19  2:03  Queen  
  19  2:04  Zergling x4  
  25  2:10  Drone  
  25  2:15  Drone  
  27  2:18  Drone  
  28  2:26  Drone  
  28  2:29  Metabolic Boost  
  29  2:34  Drone  
  30  2:38  Queen  
  32  2:46  Overlord  
  32  2:48  Drone x3  
  35  2:52  Extractor  
  35  2:55  Drone x2  
  35  3:06  Zergling x2  
  35  3:07  Lair  
  35  3:08  Drone  
  37  3:12  Overlord  
  37  3:22  Drone x3  
  37  3:24  Overlord  
  37  3:25  Drone  
  41  3:28  Drone  
  41  3:30  Drone  
  43  3:35  Drone  
  43  3:36  Evolution Chamber  
  43  3:41  Roach Warren  
  42  3:49  Drone x4  
  42  3:52  Drone  
  42  3:53  Drone  
  48  3:56  Drone  
  48  3:57  Drone  
  48  4:01  Zerg Missile Weapons Level 1  
  48  4:02  Extractor  
  49  4:04  Overlord  
  49  4:07  Overseer  
  49  4:14  Spore Crawler  
  49  4:15  Spore Crawler  
  49  4:16  Drone x2  
  49  4:19  Drone, Extractor  
  49  4:20  Drone  
  50  4:36  Glial Reconstitution  
  50  4:40  Drone x2  
  50  4:41  Drone, Hydralisk Den  
  50  4:45  Drone x2  
  54  4:49  Drone x2  
  54  4:50  Roach  
  54  4:52  Overlord x2  
  58  5:04  Overlord x2  
  58  5:12  Muscular Augments  
  58  5:19  Hatchery, Overlord  
  58  5:20  Overlord, Hydralisk  
  59  5:33  Hydralisk x3  
  59  5:34  Hydralisk  
  67  5:38  Ravager  
  67  5:39  Roach x2  
  72  6:00  Roach  
  72  6:01  Roach x7  
  88  6:05  Ravager  
  88  6:07  Zergling x4  
  91  6:19  Roach x4  
  91  6:21  Drone x3  
  102  6:29  Hatchery  
  101  6:45  Overseer  
  101  6:48  Ravager x3  
  101  6:50  Roach x2  
  101  6:51  Roach x2, Zergling x2  
  105  7:11  Drone x10  
  105  7:12  Drone x2  
Tags
 
Matchup
PvZ
Replay Pack
21-11-15
Add a new tag
Caveats
  • Supply blocks, unpowered buildings, or Contaminate may cause inaccurate times.
  • Supply counts are checked every 10 seconds.